 Dungeon Crawl Stone Soup version 0.20.0-15-g7f486f2 (webtiles) character file.

78 Pikken the Ruffian (level 4, -5/49 HPs)
             Began as a Troll Monk on June 18, 2017.
             Slain by a hobgoblin
             ... wielding a +0 club
             ... led by Robin
              (6 damage)
             ... on level 2 of the Dungeon.
             The game lasted 00:03:31 (926 turns).

Pikken the Ruffian (Troll Monk)                      Turns: 926, Time: 00:03:32

Health: -5/49      AC:  6    Str: 19    XL:     4   Next: 15%
Magic:  3/3        EV: 11    Int:  4    God:
Gold:   72         SH:  0    Dex: 13    Spells: 3/3 levels left

rFire    . . .     SeeInvis .     - Unarmed
rCold    . . .     Gourm    +   (no shield)
rNeg     . . .     Faith    .   a - +0 robe
rPois    .         Spirit   .   (helmet restricted)
rElec    .         Reflect  .   (no cloak)
rCorr    .         Harm     .   (gloves unavailable)
MR       .....     Rnd*Tele +   (boots unavailable)
Stlth    ++........             (no amulet)
Regen    0.6/turn               f - ring of teleportation (curse)
MPRegen  0.1/turn               (no ring)

@: no status effects
A: unfitting armour, claws 3, horns 1, rugged brown scales 1, dopey 1, fast
metabolism 3, gourmand, regeneration 1, robust 1, shaggy fur 1, tough skin 2
a: no special abilities


You were on level 2 of the Dungeon.
You were very full.

You visited 1 branch of the dungeon, and saw 2 of its levels.

You collected 72 gold pieces.

Inventory:

Armour
 a - a +0 robe (worn)
Jewellery
 f - a cursed ring of teleportation (left claw)
Potions
 e - a potion of haste {unknown}
Comestibles
 b - 2 bread rations
 c - a meat ration


   Skills:
 + Level 2.9 Fighting
 + Level 2.9 Dodging
 + Level 1.2 Stealth
 + Level 3.9 Unarmed Combat


You had 3 spell levels left.
You didn't know any spells.

Dungeon Overview and Level Annotations

Branches:
Dungeon (2/15)

Altars:

Annotations:
D:2 Robin


Innate Abilities, Weirdness & Mutations

You are too large for most types of armour.
You have claws for hands.
Your metabolism is lightning-fast.
You like to eat raw meat.
Your natural rate of healing is unusually fast.
You are covered in fur. (AC +1)
You have very tough skin. (AC +2)
You have a pair of small horns on your head.
You are partially covered in rugged brown scales. (AC +1, +3% HP)
You are dopey. (Int -2)
You are robust. (+10% HP)


Message History

The goblin hits you.
* * * LOW HITPOINT WARNING * * *
The hobgoblin barely misses you. The rat bites you but does no damage.
The goblin closely misses you.
You claw the goblin!
You kill the goblin!
The hobgoblin hits you but does no damage.
The hobgoblin hits you!
* * * LOW HITPOINT WARNING * * *
The rat misses you. The goblin hits you but does no damage.
You claw the goblin!
You kill the goblin!
The hobgoblin closely misses you. The hobgoblin hits you.
* * * LOW HITPOINT WARNING * * *
The rat barely misses you.
You scratch the hobgoblin but do no damage.
Your headbutt misses the hobgoblin. The goblin hits you with a club.
* * * LOW HITPOINT WARNING * * *
The hobgoblin hits you with a club.
You die...

... ..####g.. ...
#........
..S####.......#
........>.....#
..............####
.#...gg###.......#
#.....# #.....gg#
#.....# #.....gg#
#.....###....gr@#
#...........(.gg#
#####...........#
#.....#######
#.....# #.....#
#.....# #######


You could see Robin, 3 hobgoblins, 3 goblins and a rat.

Vanquished Creatures
  4 gnolls (D:2)
  An adder (D:2)
  An ooze (D:2)
  A dart slug (D:1)
  3 hobgoblins
  2 ball pythons (D:1)
  2 bats (D:1)
  A frilled lizard (D:2)
  6 goblins
  3 kobolds (D:1)
  5 rats
29 creatures vanquished.

Notes
Turn   | Place    | Note
-------+----------+-------------------------------------------
     0 | D:1      | Pikken the Troll Monk began the quest for the Orb.
     0 | D:1      | Reached XP level 1. HP: 22/22 MP: 0/0
    57 | D:1      | Gained mutation: You are robust. (+10% HP) [potion of mutation]
    57 | D:1      | Gained mutation: You are partially covered in rugged brown scales. (AC +1, +3% HP) [potion of mutation]
    57 | D:1      | Gained mutation: You are dopey. (Int -2) [potion of mutation]
    57 | D:1      | Gained mutation: You have a pair of small horns on your head. [potion of mutation]
   394 | D:1      | Reached XP level 2. HP: 29/32 MP: 1/1
   861 | D:2      | Reached XP level 3. HP: 40/40 MP: 2/2
   895 | D:2      | Reached XP level 4. HP: 26/49 MP: 3/3
   901 | D:2      | Noticed Robin
   925 | D:2      | HP: 2/49 [hobgoblin[Robin] (3)]
   926 | D:2      | Slain by a hobgoblin

Action                   |  1- 3 |  4- 6 || total
-------------------------+-------+-------++-------
Melee: Unarmed           |    54 |    12 ||    66
       Headbutt          |    11 |     2 ||    13
  Use: Scroll            |     5 |       ||     5
       Potion            |     1 |       ||     1
 Stab: Sleeping          |     1 |       ||     1
  Eat: Chunk             |    13 |       ||    13
Armor: Robe              |    27 |    13 ||    40
Dodge: Dodged            |    29 |    17 ||    46
